 Dungeon Crawl Stone Soup version 0.27.0-1-g7a089689b8 (webtiles) character file.

Game seed: 7034631766381716449

1887 VictoriousLee the Thaumaturge (level 9, 0/57 HPs)
             Began as a Barachi Ice Elementalist on Aug 9, 2021.
             Was an Initiate of Vehumet.
             Slain by a manticore (21 damage)
             ... on level 6 of the Dungeon.
             The game lasted 00:40:24 (7735 turns).

VictoriousLee the Thaumaturge (BaIE)                Turns: 7735, Time: 00:40:25

Health: 0/57       AC:  5    Str: 10    XL:     9   Next: 14%
Magic:  17/21      EV: 11    Int: 18    God:    Vehumet [......]
Gold:   212        SH:  5    Dex: 13    Spells: 10/24 levels left

rFire    . . .     SeeInvis .   s - +4 dagger
rCold    + . .     Faith    .   F - +2 buckler
rNeg     . . .     Spirit   .   I - +1 leather armour {rC+}
rPois    .         Reflect  .   (no helmet)
rElec    .         Harm     .   (no cloak)
rCorr    .         Rampage  .   (no gloves)
Will     .....                  M - +0 pair of boots
Stlth    ++........             (no amulet)
HPRegen  0.19/turn              (no ring)
MPRegen  0.17/turn              (no ring)

@: unable to hop, slow
A: amphibious, slowness 1, strong legs 1, +LOS
a: Hop, Renounce Religion


You were on level 6 of the Dungeon.
You worshipped Vehumet.
Vehumet was noncommittal.
You visited 2 branches of the dungeon, and saw 7 of its levels.

You collected 332 gold pieces.
You spent 120 gold pieces at shops.

Inventory:

Hand Weapons
 j - a +1 short sword of speed
 r - a +1 dagger of protection
 s - a +4 dagger (weapon)
 A - a +0 falchion
 B - a +0 vorpal flail
Missiles
 c - 147 stones
 e - 150 arrows
 h - 45 bolts
 p - 41 poisoned darts (quivered)
 L - a throwing net
Armour
 a - a +0 robe
 f - a +0 scale mail
 g - a +0 ring mail
 x - the +0 plate armour of Ececsuv {+Blink rF+ rCorr}
   (You found it on level 4 of the Dungeon)

   rF:        It protects you from fire.
   +Blink:    It lets you blink.
   rCorr:     It protects you from acid and corrosion.
 F - a +2 buckler (worn)
 I - a +1 leather armour of cold resistance (worn)
 M - a +0 pair of boots (worn)
Jewellery
 C - a ring of fire
Wands
 y - a wand of acid (4)
Scrolls
 i - a scroll of identify
 k - a scroll of silence {unknown}
 l - a scroll of enchant weapon {unknown}
 m - a scroll of torment
 n - a scroll of teleportation
 t - a scroll of fear {unknown}
 v - a scroll of vulnerability {unknown}
 z - a scroll of enchant armour {unknown}
 E - a scroll of fog {unknown}
 G - 2 scrolls of brand weapon {unknown}
Potions
 b - a potion of haste
 d - 2 potions of cancellation
 o - a potion of might
 q - a potion of resistance
 u - 2 potions of mutation
 w - a potion of lignification
 D - a potion of invisibility {unknown}
 H - a potion of attraction {unknown}
 J - a potion of berserk rage
 K - 2 potions of heal wounds


   Skills:
 - Level 2.1 Dodging
 - Level 1.7 Stealth
 - Level 8.0 Spellcasting
 + Level 6.9 Conjurations
 - Level 1.7 Necromancy
 + Level 7.9 Ice Magic


You had 10 spell levels left.
You knew the following spells:

 Your Spells              Type           Power      Damage    Failure   Level
a - Ozocubu's Armour      Ice            35%        N/A       2%          3
b - Animate Skeleton      Necr           26%        N/A       11%         1
f - Freeze                Ice            100%       1d11      1%          1
h - Hailstorm             Conj/Ice       34%        3d9       11%         4
r - Frozen Ramparts       Ice            70%        1d9       2%          3
s - Searing Ray           Conj           64%        3d5       1%          2

Your spell library contained the following spells:

 Spells                   Type           Power      Damage    Failure   Level
 Magic Dart               Conj           100%       1d8       1%          1
 Pain                     Necr           52%        1d6       11%         1
 Vampiric Draining        Necr           6%         2d6       32%         3
 Ice Form                 Ice/Tmut       21%        N/A       38%         4
 Summon Ice Beast         Ice/Summ       21%        N/A       38%         4
 Fulminant Prism          Conj/Hex       9%         3d7       45%         4
 Inner Flame              Hex/Fire       7%         N/A       54%         3
 Cause Fear               Hex            3%         N/A       91%         4
 Discord                  Hex            3%         N/A       100%        8


Dungeon Overview and Level Annotations

Branches:
Dungeon (6/15)             Temple (1/1) D:5

Altars:
Ashenzari
Cheibriados
Dithmenos
Elyvilon
Fedhas
Gozag
Hepliaklqana
Kikubaaqudgha
Makhleb
Nemelex Xobeh
Okawaru
Qazlal
Ru
Sif Muna
Trog
Uskayaw
Vehumet
Xom
Yredelemnul
Zin
The Shining One

Shops:
D:6 !


Innate Abilities, Weirdness & Mutations

You are amphibious.
You cover ground slowly.
You can hop short distances.
You have an extended range of vision and can be seen from far away.


Message History

A manticore comes into view.
The manticore flicks its tail.
The volley of spikes hits you.
The barbed spikes become lodged in your body.
Press: ? - help, v - describe, . - travel The floor.
Unknown command.
Casting: Freeze (safe; 1% risk of failure)
Confirm with . or Enter, or press ? or * to list all spells.
Casting: Frozen Ramparts (dangerous; 2% risk of failure)
Press: ? - help, Dir - look around, f - activate The walls around you are covered in ice.
The wall freezes the manticore.
You close the door.
You carefully extract the barbed spikes from your body.
You open the door.
The frozen ramparts melt away.
Casting: Frozen Ramparts (dangerous; 2% risk of failure)
Confirm with . or Enter, or press ? or * to list all spells.
Casting: Frozen Ramparts (dangerous; 2% risk of failure)
Press: ? - help, Dir - look around, f - activate The walls around you are covered in ice.
The wall freezes the manticore.
The manticore bites you!! The manticore claws you! x2
Your frozen ramparts will break if you move.
Continue? [Y]es or [N]o only, please.
Your frozen ramparts will break if you move.
Continue? [Y]es or [N]o only, please.
Your frozen ramparts will break if you move.
Continue?
Okay, then.
Unknown command.
Your frozen ramparts will break if you move.
Continue? [Y]es or [N]o only, please.
Your frozen ramparts will break if you move.
Continue?
Hop to where?
Press: ? - help, Dir - move target Your frozen ramparts will break if you move.
Continue?
The frozen ramparts melt away as you move.
Boing!
Something unseen opens the door.
The manticore bites you!!
You die...

####..# ## ####.###
#.. ##.....# # .##
.......# #. #!#
.......# '##:##+##
...##### Z')#..8###
..## #?#...'.#
...#######+ #$##)##.#
#........#.8# #8@#..#
##'#####.#..###H.#)##
#.# #.##..'°.##.#
##)##.##..########.#
#...#......# #.#
#...#####..#######.#
.....# #..........#
.[...#####.##.######
..8....###....#


You could see a manticore and a water moccasin zombie (dormant).

Vanquished Creatures
  A cyclops (D:6)
  Grinder (D:5)
  An orc warrior (D:6)
  A sky beast (D:6)
  2 centaurs (D:6)
  A phantom (D:4)
  Blork the orc (D:5)
  A water moccasin zombie (D:5)
  2 scorpions (D:5)
  A jelly (D:6)
  2 centaur skeletons
  3 orc priests
  4 hounds
  3 orc wizards
  A scorpion zombie (D:5)
  2 hound skeletons
  A howler monkey zombie (D:6)
  6 gnolls
  8 adders
  2 white imps (D:6)
  An ufetubus (D:6)
  A worm (D:2)
  A dart slug (D:1)
  8 orcs
  6 ball pythons
  7 endoplasms
  A giant cockroach (D:1)
  6 goblins
  5 hobgoblins
  8 jackals
  3 quokkas
  5 bats
  3 frilled lizards
  3 kobolds (D:3)
102 creatures vanquished.

Notes
Turn   | Place    | Note
-------+----------+-------------------------------------------
     0 | D:1      | VictoriousLee the Barachi Ice Elementalist began the quest
                  | for the Orb.
     0 | D:1      | Reached XP level 1. HP: 13/13 MP: 3/3
   170 | D:1      | Reached skill level 5 in Ice Magic
   220 | D:1      | Reached XP level 2. HP: 19/19 MP: 1/5
   604 | D:1      | Reached skill level 3 in Spellcasting
   995 | D:2      | Reached XP level 3. HP: 24/24 MP: 3/7
  1210 | D:2      | Learned a level 3 spell: Frozen Ramparts
  1540 | D:2      | Reached XP level 4. HP: 22/30 MP: 4/8
  2719 | D:3      | Reached skill level 4 in Spellcasting
  2719 | D:3      | Reached XP level 5. HP: 24/35 MP: 5/11
  2994 | D:3      | Found a sacrificial altar of Ru.
  3433 | D:3      | Learned a level 4 spell: Hailstorm
  3528 | D:4      | Learned a level 1 spell: Animate Skeleton
  3655 | D:4      | Noticed a phantom
  3691 | D:4      | Killed a phantom
  3692 | D:4      | Reached skill level 1 in Necromancy
  3692 | D:4      | Reached XP level 6. HP: 22/41 MP: 4/12
  3836 | D:4      | Learned a level 3 spell: Ozocubu's Armour
  3943 | D:4      | Identified the +0 plate armour of Ececsuv {+Blink rF+
                  | rCorr}
  4655 | D:5      | Entered Level 5 of the Dungeon
  4790 | D:5      | Reached XP level 7. HP: 16/46 MP: 0/13
  4954 | D:5      | Found a broken altar of Ashenzari.
  4966 | D:5      | Noticed Grinder
  4971 | D:5      | Paralysed by Grinder for 6 turns
  5251 | D:5      | Noticed Blork the orc
  5258 | D:5      | Killed Blork the orc
  5381 | D:5      | Reached skill level 5 in Conjurations
  5394 | D:5      | Found a sparkling altar of Nemelex Xobeh.
  5485 | D:5      | Found a staircase to the Ecumenical Temple.
  5497 | Temple   | Entered the Ecumenical Temple
  5783 | Temple   | Became a worshipper of Vehumet
  5828 | D:5      | Found an ancient bone altar of Kikubaaqudgha.
  6895 | D:5      | Killed Grinder
  6896 | D:5      | Reached skill level 5 in Spellcasting
  6896 | D:5      | Reached XP level 8. HP: 31/52 MP: 7/16
  6954 | D:5      | Learned a level 2 spell: Searing Ray
  7072 | D:6      | Reached skill level 6 in Spellcasting
  7218 | D:6      | Found Niluum's Distillery.
  7221 | D:6      | Bought a potion of berserk rage for 60 gold pieces
  7221 | D:6      | Bought a potion of heal wounds for 60 gold pieces
  7230 | D:6      | Noticed a cyclops
  7234 | D:6      | Killed a cyclops
  7235 | D:6      | Reached skill level 8 in Spellcasting
  7381 | D:6      | Found a burning altar of Makhleb.
  7387 | D:6      | Reached XP level 9. HP: 57/57 MP: 15/21
  7560 | D:6      | Found a stormy altar of Qazlal.
  7599 | D:6      | Found an opulent altar of Gozag.
  7603 | D:6      | Found an iron altar of Okawaru.
  7668 | D:6      | Noticed a gargoyle
  7724 | D:6      | Noticed a manticore
  7735 | D:6      | Slain by a manticore

Illustrated notes

Levels and vault maps discovered:
D:1:      amcnicky_arrival_choice, layout_loops_cross, serial_glass,
          glass_columns_a, glass_columns_b, glass_columns_b, feat_on_display
D:2:      layout_basic, hex_intersection
D:3:      layout_basic, nicolae_ru_the_path_less_chosen
D:4:      layout_loops_cross, bh_walls_and_bars
D:5:      layout_basic, mainiacjoe_overflow_small_starburst,
          mainiacjoe_overflow_24_doors, mainiacjoe_overflow_cross_hatched,
          temple_statues, uniq_blork_the_orc, uniq_grinder
D:6:      minmay_chambers_of_sixes, layout_rooms,
          minmay_overflow_temple_star_quad, makhleb_heckhound_becter,
          serial_shops, kennysheep_mini_moat, hangedman_decor_points
Temple:   nicolae_temple_figure_eight

Skill      XL: |  1  2  3  4  5  6  7  8 |
---------------+-------------------------+-----
Ice Magic      | 5 6 7 |  7.9
Spellcasting   | 3 4 5 8 |  8.0
Conjurations   | 2 3 6 |  6.9
Necromancy     | 1 |  1.7
Dodging        | |  2.1
Stealth        | |  1.7

Action                   |  1- 3 |  4- 6 |  7- 9 || total
-------------------------+-------+-------+-------++-------
Melee: Dagger            |     3 |    25 |    60 ||    88
       Unarmed           |     3 |       |       ||     3
       Short sword       |    18 |    63 |       ||    81
Throw: Dart              |       |       |     3 ||     3
 Cast: Freeze            |    34 |    24 |     7 ||    65
       Frozen Ramparts   |     1 |    14 |    19 ||    34
       Ozocubu's Armour  |       |     3 |     4 ||     7
       Searing Ray       |       |       |    13 ||    13
 Abil: Hop               |     1 |     2 |     3 ||     6
Evoke: Wand              |       |     2 |     3 ||     5
  Use: Scroll            |       |     5 |     5 ||    10
       Potion            |       |     1 |       ||     1
 Stab: Sleeping          |     4 |     2 |       ||     6
Armor: Robe              |     8 |     1 |       ||     9
       Leather armour    |       |    21 |    22 ||    43
Dodge: Dodged            |    36 |    49 |    51 ||   136
Block: Buckler           |       |       |    14 ||    14
